 Dungeon Crawl Stone Soup version 0.31.0-4-g52a2dc7128 (console) character file.

Game seed: 16686363720501196024

115 AlterAsc the Chopper (level 5, -2/45 HPs)
             Began as a Hill Orc Fighter on Jan 23, 2024.
             Succumbed to a water moccasin's poison
             ... on level 3 of the Dungeon.
             The game lasted 00:03:21 (1824 turns).

AlterAsc the Chopper (Hill Orc Fighter)             Turns: 1824, Time: 00:03:22

Health: -2/45      AC: 12    Str: 21    XL:     5   Next: 0%
Magic:  5/5        EV:  7    Int:  8    God:
Gold:   100        SH:  4    Dex: 10    Spells: 4/4 levels left

rFire   . . .        a - +0 war axe
rCold   . . .        c - +0 buckler
rNeg    . . .        l - +3 chain mail
rPois   .            (no helmet)
rElec   .            (no cloak)
rCorr   .            (no gloves)
SInv    .            (no boots)
Will    .....        (no amulet) Stlth
                     (no ring)
HPRegen 0.27/turn    (no ring)
MPRegen 0.09/turn

%: no passive effects
@: lethally poisoned (-2 -> -37)
A: no striking features
a: no special abilities


You were on level 3 of the Dungeon.
You visited 1 branch of the dungeon, and saw 3 of its levels.

You collected 100 gold pieces.

Inventory:

Hand Weapons
 a - a +0 war axe (weapon)
Missiles
 g - 21 stones (quivered)
 q - a throwing net
Armour
 b - a +0 scale mail
 c - a +0 buckler (worn)
 l - a +3 chain mail (worn)
Scrolls
 e - 2 scrolls of enchant armour {unknown}
 h - a scroll of revelation {unknown}
 k - a scroll of noise {unknown}
 p - a scroll of enchant weapon {unknown}
Potions
 d - a potion of might
 f - a potion of resistance {unknown}
 i - 2 potions of heal wounds {unknown}
 j - 2 potions of berserk rage {unknown}
 m - 2 potions of curing {unknown}
 n - a potion of brilliance {unknown}
 o - a potion of ambrosia {unknown}


   Skills:
 - Level 3.6 Fighting
 + Level 4.1(5.2) Axes
 - Level 4.0(4.6) Maces & Flails
 - Level 3.2 Armour
 - Level 3.2 Shields


You had 4 spell levels left.
You didn't know any spells.
Your spell library contained the following spells:

 Spells                   Type           Power      Damage    Failure   Level
 Slow                     Hex            0%         N/A       98%         1
 Confusing Touch          Hex            0%         N/A       100%        3
 Sigil of Binding         Hex            0%         N/A       100%        3
 Vampiric Draining        Necr           0%         2d6       100%        3


Dungeon Overview and Level Annotations

Branches:
Dungeon (3/15)

Altars:
Vehumet

Shops:
D:1 (


Message History

HP restored.
Found a radiant altar of Vehumet.
g - 21 stones (gained 2)
A goblin comes into view. It is wielding a +0 club.
The goblin shouts!
You closely miss the goblin. The goblin hits you with a +0 club.
You barely miss the goblin. You block the goblin's attack.
You closely miss the goblin. You block the goblin's attack.
You hit the goblin.
You kill the goblin!
You have reached level 5!
You feel stronger.
You now have 100 gold pieces (gained 5).
A water moccasin comes into view.
The water moccasin hisses angrily.
Things that are here:
a +0 club; a goblin corpse The water moccasin barely misses you.
You closely miss the water moccasin.
The water moccasin bites you but does no damage.
The water moccasin bites you.
You closely miss the water moccasin. The water moccasin bites you.
You are poisoned.
The water moccasin poisons you!
You closely miss the water moccasin.
You feel very sick. The water moccasin bites you.
You are lethally poisoned!
The water moccasin poisons you! The water moccasin bites you.
You are more poisoned.
The water moccasin poisons you!
You hit the water moccasin but do no damage.
* * * LOW HITPOINT WARNING * * *
You feel extremely sick. The water moccasin bites you.
* * * LOW HITPOINT WARNING * * *
The water moccasin bites you but does no damage.
You slash the water moccasin!
The water moccasin is heavily wounded.
You die...

.# ###..
.#.#...#######
....._.......#
.#.#...#.###.# ##.
.#.###.#.# #.#.#..
.#...#...# #.#.#.#
.###.#.### #.#.#.#
.......# #.#.#.##
)#.###.# #.#.#..#
)#.# #.# #.#.#S.#
.#.###.#####.#.#@.##
...............)...#
..####.#####.#....##
..# #.# #.##..## ..#
.# #.###.# ..# #..
.... ... ### ###.#
.#>. ... .... ...
###


You could see a water moccasin.

Vanquished Creatures
  Jessica (D:2)
  3 gnolls (D:3)
  An adder (D:2)
  2 dart slugs (D:1)
  4 ball pythons
  8 bats
  7 endoplasms
  3 giant cockroaches (D:1)
  2 goblins
  6 hobgoblins
  A quokka (D:1)
  3 frilled lizards
  5 kobolds
  A rat (D:2)
47 creatures vanquished.

Notes
Turn   | Place    | Note
-------+----------+-------------------------------------------
     0 | D:1      | AlterAsc the Hill Orc Fighter began the quest for the Orb.
     0 | D:1      | Reached XP level 1. HP: 19/19 MP: 1/1
   105 | D:1      | Reached skill level 1 in Maces & Flails
   138 | D:1      | Reached XP level 2. HP: 26/26 MP: 2/2
   341 | D:1      | Found Ijuvupou's Antique Weapon Boutique.
   465 | D:1      | Reached XP level 3. HP: 31/31 MP: 3/3
  1130 | D:2      | Noticed Jessica
  1133 | D:2      | Killed Jessica
  1134 | D:2      | Reached XP level 4. HP: 39/39 MP: 4/4
  1783 | D:3      | Found a radiant altar of Vehumet.
  1808 | D:3      | Reached XP level 5. HP: 44/45 MP: 5/5
  1817 | D:3      | Noticed a water moccasin
  1824 | D:3      | Succumbed to a water moccasin's poison

Illustrated notes

Levels and vault maps discovered:
D:1:      wheals_arrival_shading, layout_basic, serial_shops,
          nicolae_shop_peninsula, fountainhead, minmay_misc_feat_cross
D:2:      layout_loops_ring, uniq_jessica
D:3:      layout_basic, mainiacjoe_overflow_large_starburst,
          guppyfry_early_orc_mine

Skill      XL: |  1  2  3  4 |
---------------+-------------+-----
Maces & Flails | 1 2 4 |  4.0
Axes           | 4 |  4.1
Fighting       | |  3.6
Armour         | |  3.2
Shields        | |  3.2

Action                     |  1- 3 |  4- 6 || total
---------------------------+-------+-------++-------
  Melee: War axe           |    74 |    37 ||   111
 Armour: Scale mail        |    39 |       ||    39
         Chain mail        |    19 |    25 ||    44
  Dodge: Dodged            |    25 |    13 ||    38
  Block: Buckler           |    14 |     6 ||    20
